 Dungeon Crawl Stone Soup version 0.29-a0-838-g385bb11a5b (webtiles) character file.

Game seed: 3072165645019103523

11 lesaewzxc the Vexing (level 2, -1/16 HPs)
             Began as a Kobold Arcane Marksman on July 13, 2022.
             Slain by a worm (8 damage)
             ... on level 2 of the Dungeon.
             The game lasted 00:02:41 (416 turns).

lesaewzxc the Vexing (Kobold Arcane Marksman)        Turns: 416, Time: 00:02:43

Health: -1/16      AC:  2    Str:  7    XL:     2   Next: 35%
Magic:  3/4        EV: 15    Int: 14    God:
Gold:   5          SH:  0    Dex: 15    Spells: 2/3 levels left

rFire   . . .      SeeInvis .   a - +0 sling
rCold   . . .      Faith    .   (no shield)
rNeg    . . .      Spirit   .   c - +0 robe
rPois   .          Reflect  .   (no helmet)
rElec   .          Harm     .   (no cloak)
rCorr   .          Rampage  .   (no gloves)
Will    .....                   (no boots)
Stlth   ++........              (no amulet)
HPRegen 0.05/turn               (no ring)
MPRegen 0.09/turn               (no ring)

@: no status effects
A: small, no large weapons, nightstalker 3
a: no special abilities


You were on level 2 of the Dungeon.
You visited 1 branch of the dungeon, and saw 2 of its levels.

You collected 5 gold pieces.

Inventory:

Hand Weapons
 a - a +0 sling (weapon)
Missiles
 f - 7 stones
Armour
 c - a +0 robe (worn)
Scrolls
 b - a scroll of vulnerability
 g - a scroll of teleportation {unknown}
 h - a scroll of enchant weapon {unknown}
Potions
 d - a potion of heal wounds {unknown}
 e - a potion of lignification {unknown}


   Skills:
 + Level 1.4 Fighting
 + Level 3.0 Ranged Weapons
 + Level 2.6 Dodging
 + Level 1.4 Spellcasting
 + Level 3.1 Hexes


You had 2 spell levels left.
You knew the following spells:

 Your Spells              Type           Power      Damage    Failure   Level
a - Slow                  Hex            36%        N/A       7%          1

Your spell library contained the following spells:

 Spells                   Type           Power      Damage    Failure   Level
 Inner Flame              Hex/Fire       5%         N/A       36%         3
 Portal Projectile        Hex/Tloc       10%        N/A       36%         3
 Cause Fear               Hex            4%         N/A       56%         4


Dungeon Overview and Level Annotations

Branches:
Dungeon (2/15)

Altars:


Innate Abilities, Weirdness & Mutations

You are small and have problems with some larger weapons.
You are completely attuned to the shadows.


Message History

You shoot a sling bullet. The sling bullet hits the ball python.
You kill the ball python!
Your Ranged Weapons skill increases to level 3!
Fire: a) +0 sling
Press: ? - help, Shift-Dir - straight line, f - worm
Aim: a worm (76% to hit)
You shoot a sling bullet.
The sling bullet barely misses the worm.
Fire: a) +0 sling
Press: ? - help, Shift-Dir - straight line, f/p - worm
Aim: a worm (76% to hit)
You shoot a sling bullet.
The sling bullet hits the worm but does no damage.
Fire: a) +0 sling
Press: ? - help, Shift-Dir - straight line, f/p - worm
Aim: a worm (76% to hit)
You shoot a sling bullet. The sling bullet hits the worm.
The worm is lightly wounded.
The worm closely misses you.
Fire: a) +0 sling
Press: ? - help, Shift-Dir - straight line, f/p - worm
Aim: a worm (lightly wounded, 76% to hit)
You shoot a sling bullet. The sling bullet hits the worm.
The worm is lightly wounded.
The worm bites you!
Ouch! That really hurt!
Fire: a) +0 sling
Press: ? - help, Shift-Dir - straight line, f/p - worm
Aim: a worm (lightly wounded, 76% to hit)
You shoot a sling bullet.
The sling bullet hits the worm but does no damage.
The worm is lightly wounded.
Fire: a) +0 sling
Press: ? - help, Shift-Dir - straight line, f/p - worm
Aim: a worm (lightly wounded, 76% to hit)
You shoot a sling bullet. The sling bullet hits the worm.
The worm is moderately wounded.
The worm bites you!
Ouch! That really hurt!
You die...

#............
###............
................
.###..####'#####
.....# ##.# #.#
#....# ##.####.#
#....###.......#
#........>.#####
.##..@###........
...†w.'.'.<......
+##...###........
....## #........
..#### #........
.. #........
#........
#########


You could see a worm.

Vanquished Creatures
  A dart slug (D:2)
  A bat (D:1)
  An endoplasm (D:2)
  A giant cockroach (D:1)
  2 ball pythons
  2 kobolds (D:2)
  2 rats (D:2)
10 creatures vanquished.

Notes
Turn   | Place    | Note
-------+----------+-------------------------------------------
     0 | D:1      | lesaewzxc the Kobold Arcane Marksman began the quest for
                  | the Orb.
     0 | D:1      | Reached XP level 1. HP: 12/12 MP: 2/2
   289 | D:2      | Reached XP level 2. HP: 16/16 MP: 3/3
   416 | D:2      | Slain by a worm

Illustrated notes

Levels and vault maps discovered:
D:1:      shiori_arrival_oz, layout_basic, ebering_ecumenical_altar_sacrificial,
          grunt_decor_clamped
D:2:      layout_basic, basic_altar

Skill      XL: |  1  2 |
---------------+-------+-----
Ranged Weapons | 3 |  3.0
Fighting       | |  1.4
Dodging        | |  2.6
Spellcasting   | |  1.4
Hexes          | |  3.1

Action                   || total
-------------------------++-------
Melee: Sling             ||     1
 Fire: Sling             ||    27
 Cast: Slow              ||     1
Dodge: Dodged            ||    16

Table legend: (Time is in decaauts)
 A = Elapsed time spent in this place.
 B = Non-inter-level travel time spent in this place.
 C = Inter-level travel time spent in this place.
 D = Time resting spent in this place.
 E = Time spent auto-exploring this place.
 F = Levels seen in this place.
 G = Mean time per level.
                   A        B        C        D        E       F      G
               +--------+--------+--------+--------+--------+-----+--------+
         Total |    422 |    235 |    187 |      0 |    141 |   2 |  211.0 |
       Dungeon |    422 |    235 |    187 |      0 |    141 |   2 |  211.0 |
               +--------+--------+--------+--------+--------+-----+--------+

Top non-repeatable levels by time:
     D:2: 301 daAuts
     D:1: 121 daAuts
